[Event "Titled Tuesday Blitz May 10 Late 2022"]
[White "Kadric, Denis"]
[Black "Atanasov, Anthony"]
[WhiteFideId "14403803"]
[BlackFideId "2623897"]
[WhiteElo "2782"]
[BlackElo "2489"]
[Result "1-0"]
[Round "02"]
[TimeControl "180+1"]
[Date "2022.05.11"]
[WhiteClock "0:00:07"]
[BlackClock "0:00:24"]

1. e4 c5 2. Nc3 d6 3. f4 Nc6 4. Nf3 g6 5. Bb5 Bd7 6. d3 Bg7 7. Bc4 Na5 8. Bd2 Nxc4 9. dxc4 Nf6 10. Qe2 Qb6 11. O-O-O O-O 12. e5 Ne8 13. h4 Bg4 14. h5 gxh5 15. Nd5 Qd8 16. Ne3 dxe5 17. Nxg4 hxg4 18. Ng5 exf4 19. Bc3 Qb6 20. Bxg7 Nxg7 21. Rxh7 Ne6 22. Qe5 f6 23. Qf5 Rf7 24. Rxf7 Nf8 25. Rh1 fxg5 26. Rxf8+ Rxf8 27. Qh7# 1-0


[Site "https://www.chess.com"]

[Event "Titled Tuesday Blitz May 10 Late 2022"]
[White "Kanyamarala, Trisha"]
[Black "Romanchuk, Viktor"]
[WhiteFideId "45004722"]
[BlackFideId "14109271"]
[WhiteElo "2134"]
[BlackElo "2242"]
[Result "0-1"]
[Round "02"]
[TimeControl "180+1"]
[Date "2022.05.11"]
[WhiteClock "0:00:02"]
[BlackClock "0:00:27"]

1. c4 c6 2. Nc3 d5 3. e3 Nf6 4. Nf3 e6 5. b3 Nbd7 6. Bb2 Bd6 7. Be2 Qe7 8. d4 O-O 9. O-O b6 10. Re1 Bb7 11. Bd3 c5 12. e4 cxd4 13. Nxd4 dxc4 14. Bxc4 Rfd8 15. Ncb5 Be5 16. Rb1 a6 17. Nc3 Nc5 18. Nce2 Bxe4 19. Rc1 b5 20. b4 Na4 21. Ba1 Qxb4 22. Bb3 Bxd4 23. Nxd4 e5 24. Rxe4 Nxe4 25. Qf3 exd4 26. Bxf7+ Kh8 27. Qxe4 Qd2 28. Re1 Nc3 29. Bxc3 dxc3 30. Bb3 a5 31. Bc2 Qh6 32. h3 b4 33. Qe6 Qxe6 34. Rxe6 Rd2 35. Be4 Rad8 36. Rc6 Rxa2 0-1


[Site "https://www.chess.com"]

[Event "Titled Tuesday Blitz May 10 Late 2022"]
[White "Karas, Marek"]
[Black "Jarovinsky, Alexey"]
[WhiteFideId "14928558"]
[BlackFideId "14115131"]
[WhiteElo "2271"]
[BlackElo "2446"]
[Result "0-1"]
[Round "02"]
[TimeControl "180+1"]
[Date "2022.05.11"]
[WhiteClock "0:00:03"]
[BlackClock "0:00:09"]

1. d4 Nc6 2. Nf3 d6 3. e4 Nf6 4. Nc3 Bg4 5. Bb5 a6 6. Bxc6+ bxc6 7. h3 Bd7 8. Be3 e6 9. O-O Be7 10. Re1 O-O 11. Qd3 Re8 12. Rad1 a5 13. Ne2 a4 14. a3 Qb8 15. Rb1 d5 16. Ng3 Qb5 17. Qxb5 cxb5 18. e5 Ne4 19. Nxe4 dxe4 20. Nd2 Bc6 21. c3 f5 22. exf6 gxf6 23. Bf4 f5 24. Bxc7 Kf7 25. g3 Bg5 26. Nf1 Rg8 27. h4 Bxh4 28. Ne3 Bg5 29. Kf1 Rac8 30. Be5 Bd5 31. Ke2 Kg6 32. Rh1 h6 33. Rbg1 Kf7 34. Rh2 Rg6 35. Ng2 Bc4+ 36. Ke1 Ke7 37. Nf4 Rgg8 38. Rgh1 Kd7 39. Rxh6 Bxh6 40. Rxh6 Rge8 41. Kd2 Re7 42. Ke3 Kc6 43. Bf6 Rd7 44. Ng6 Kb6 45. Ne5 Rdc7 46. Bg5 Bd5 47. Bf6 Kb7 48. Ng6 Ka8 49. Be5 Rd7 50. Nf4 Re8 51. Rg6 Kb7 52. Rh6 Bc4 53. Ng6 Rf7 54. Nf4 Ree7 55. Rh8 Rh7 56. Rb8+ Ka7 57. Rc8 Kb7 58. Rb8+ Ka7 59. Rc8 Rh1 60. Bd6 Rd7 61. Bc5+ Kb7 62. Re8 Re1+ 63. Kd2 Rb1 64. Nxe6 Rxb2+ 65. Ke3 Re2+ 66. Kf4 Rxf2+ 67. Ke5 Rf3 68. Nd8+ Kc7 69. Ne6+ Bxe6 70. Rxe6 Rxc3 71. Bb4 Rxg3 72. d5 Rd3 73. d6+ Kc6 74. Kxf5 e3 75. Ke4 Rb3 76. Kf4 Kd5 77. Re5+ Kc6 78. Rxe3 Rxb4+ 79. axb4 Rxd6 80. Rc3+ Kb6 81. Ke4 Rc6 82. Rh3 Rc4+ 83. Kd5 Rxb4 84. Rh6+ Ka5 85. Rh8 Rc4 86. Ra8+ Kb4 87. Ra7 Rc1 88. Ra8 Rd1+ 0-1


[Site "https://www.chess.com"]

[Event "Titled Tuesday Blitz May 10 Late 2022"]
[White "Karttunen, Mika"]
[Black "Ansh M Shah"]
[WhiteFideId "502081"]
[BlackFideId "25033379"]
[WhiteElo "2343"]
[BlackElo "1819"]
[Result "1-0"]
[Round "02"]
[TimeControl "180+1"]
[Date "2022.05.11"]
[WhiteClock "0:01:22"]
[BlackClock "0:01:17"]

1. e4 c6 2. d4 d5 3. e5 Bf5 4. h4 h5 5. Bd3 Bxd3 6. Qxd3 e6 7. Bg5 Qa5+ 8. Nd2 Qa6 9. c4 Nd7 10. b3 Ne7 11. Ne2 Nf5 12. O-O Be7 13. Bxe7 Kxe7 14. Nf3 f6 15. Nf4 Kf7 16. exf6 gxf6 17. Nxe6 Nd6 18. Nc7 dxc4 19. bxc4 Qxc4 20. Qxc4+ Nxc4 21. Nxa8 Rxa8 22. Rfe1 Ndb6 23. Rac1 Nd6 24. Nd2 Nd5 25. Ne4 Nf5 26. Nc5 Rb8 27. Re4 Nd6 28. Ree1 Nf5 29. g3 Nxd4 30. Kg2 Nf5 31. Rb1 Nd6 32. Rec1 Nb5 33. a4 Nbc3 34. Rxb7+ Rxb7 35. Nxb7 Nxa4 36. Rxc6 Nab6 37. Nc5 a5 38. Rd6 Ke7 39. Re6+ Kf7 40. Re4 Nc3 41. Rd4 Nb5 42. Rd1 Nc3 43. Rd3 Nb5 44. Rb3 1-0


[Site "https://www.chess.com"]

[Event "Titled Tuesday Blitz May 10 Late 2022"]
[White "Keymer, Vincent"]
[Black "Lewtak, Damian"]
[WhiteFideId "12940690"]
[BlackFideId "1141724"]
[WhiteElo "2548"]
[BlackElo "2362"]
[Result "0-1"]
[Round "02"]
[TimeControl "180+1"]
[Date "2022.05.10"]
[WhiteClock "0:00:25"]
[BlackClock "0:00:16"]

1. Nf3 a6 2. c4 b5 3. e4 bxc4 4. Bxc4 e6 5. Nc3 g6 6. d4 Bg7 7. O-O Ne7 8. e5 O-O 9. Bg5 h6 10. Bh4 g5 11. Bg3 Nf5 12. Bd3 Bb7 13. Re1 Nc6 14. d5 Nce7 15. Be4 Nxg3 16. hxg3 exd5 17. Nxd5 Nxd5 18. Bxd5 Bxd5 19. Qxd5 Rb8 20. Qd2 d6 21. Rad1 dxe5 22. Qe2 Qe7 23. b3 Rb6 24. Qc4 Rd6 25. Rc1 Rc8 26. Rc2 Re6 27. Rce2 Re8 28. g4 Qd7 29. Re4 Kh8 30. Qe2 Rd6 31. Rc1 f6 32. Rc2 Rd8 33. g3 Rd1+ 34. Kg2 Bf8 35. Rec4 c5 36. Ra4 Rd3 37. Rxa6 Qb7 38. Ra4 Rd1 39. Re4 Ra1 40. Rd2 Rxd2 41. Nxd2 Rxa2 42. f3 c4 43. Rxc4 Bb4 44. Kh3 Rxd2 45. Qe3 Rd8 46. Rc2 Be7 47. Re2 Qd5 48. Rf2 Qd4 49. Qe2 Bc5 50. Rg2 Qd3 51. Qe1 Kg7 52. Qa5 Be7 53. Qc7 Qd7 54. Qc4 Qd6 55. Qc2 Rd7 56. Qe2 Qd3 57. Qe1 Qxb3 58. Qe2 Qd3 59. Qf2 Qd4 60. Qf1 Bc5 61. Re2 Qd3 62. Qg2 Rd4 63. Rf2 Rd5 64. Rc2 Be7 65. Rc7 Rd7 66. Rc2 Qd1 67. Re2 Qc1 68. Qf2 Qh1+ 69. Qh2 Qxh2+ 70. Kxh2 Kf7 71. Kg2 Ke6 72. Rc2 Bd6 73. Kf2 Rc7 74. Ra2 Rc3 75. Ke2 Bc5 76. Ra6+ Bd6 77. Ra8 Rc2+ 78. Kd3 Rg2 79. Rh8 Rxg3 80. Ke4 Rh3 81. Re8+ Be7 82. Ra8 Rh1 83. Rh8 Re1+ 84. Kd3 Bc5 85. Kc4 Bd4 86. Re8+ Kf7 87. Ra8 Re3 88. Kd5 Rxf3 89. Rb8 Re3 90. Rb7+ Kg6 91. Ke6 Ra3 92. Rb8 Ra6+ 93. Ke7 Bc5+ 94. Kd7 Ra7+ 95. Ke6 Re7+ 96. Kd5 e4 97. Kxc5 e3 98. Rb1 e2 99. Re1 f5 100. gxf5+ Kxf5 101. Kd6 Re8 102. Kd7 Re3 103. Kd6 Kf4 104. Kd5 Kf3 105. Kd4 Kf2 106. Rxe2+ Rxe2 107. Kd5 Re3 108. Kc5 g4 109. Kc6 g3 110. Kb6 g2 111. Kb7 g1=Q 112. Ka7 Qb1 113. Ka8 Ra3# 0-1


[Site "https://www.chess.com"]

[Event "Titled Tuesday Blitz May 10 Late 2022"]
[White "Khripachenko, Alexander"]
[Black "Svane, Rasmus"]
[WhiteFideId "54184975"]
[BlackFideId "4657101"]
[WhiteElo "2138"]
[BlackElo "2674"]
[Result "1/2-1/2"]
[Round "02"]
[TimeControl "180+1"]
[Date "2022.05.10"]
[WhiteClock "0:00:30"]
[BlackClock "0:01:29"]

1. e4 c6 2. d4 d5 3. e5 Bf5 4. Nd2 e6 5. Nb3 Ne7 6. Nf3 Nd7 7. Be2 Ng6 8. O-O f6 9. Re1 Be7 10. c4 O-O 11. cxd5 exd5 12. Bd3 fxe5 13. Nxe5 Ndxe5 14. dxe5 Qd7 15. Nd4 Bxd3 16. Qxd3 Qg4 17. h3 Qh5 18. g4 Qh4 19. Nf5 Rxf5 20. gxf5 Nf4 21. Qg3 Qxg3+ 22. fxg3 Nxh3+ 23. Kg2 Ng5 24. Bxg5 Bxg5 25. g4 Kf7 26. Rh1 h6 27. Rad1 Rd8 28. Rhe1 Ke7 29. Kf3 1/2-1/2


[Site "https://www.chess.com"]

[Event "Titled Tuesday Blitz May 10 Late 2022"]
[White "Koutlas, Nikolaos"]
[Black "Mangialardo, Tiago Carvalho"]
[WhiteFideId "25827138"]
[BlackFideId "2130718"]
[WhiteElo "1645"]
[BlackElo "2126"]
[Result "1-0"]
[Round "02"]
[TimeControl "180+1"]
[Date "2022.05.11"]
[WhiteClock "0:00:21"]
[BlackClock "0:00:24"]

1. Nf3 Nf6 2. b4 e6 3. Bb2 Bxb4 4. e3 d5 5. c4 Be7 6. Nc3 O-O 7. g4 Ne4 8. g5 Nd7 9. cxd5 Nxc3 10. Bxc3 exd5 11. h4 Nc5 12. h5 Ne4 13. Bb2 Bg4 14. Rg1 Bxh5 15. Bd3 Nxg5 16. Bxh7+ Nxh7 17. Rxg7+ Kh8 18. Ng5 Bxd1 19. Rxh7+ Kg8 20. Rh8# 1-0


[Site "https://www.chess.com"]

[Event "Titled Tuesday Blitz May 10 Late 2022"]
[White "Krstulovic, Alex"]
[Black "Mekhane, Adam"]
[WhiteFideId "760056"]
[BlackFideId "36050601"]
[WhiteElo "2193"]
[BlackElo "2002"]
[Result "1-0"]
[Round "02"]
[TimeControl "180+1"]
[Date "2022.05.11"]
[WhiteClock "0:00:06"]
[BlackClock "0:00:01"]

1. e4 c5 2. Nc3 Nc6 3. g3 g6 4. Bg2 Bg7 5. d3 e5 6. f4 d6 7. Nf3 Nge7 8. O-O O-O 9. f5 gxf5 10. Nh4 fxe4 11. dxe4 f5 12. Qh5 Qe8 13. Qxe8 Rxe8 14. exf5 Rf8 15. g4 Nd4 16. Bg5 Bf6 17. Bxf6 Rxf6 18. g5 Rxf5 19. Nxf5 Nexf5 20. Be4 Rb8 21. Nd5 Kg7 22. c3 Ne2+ 23. Kh1 Nfg3+ 24. hxg3 Nxg3+ 25. Kg2 Nxe4 26. Nf6 Nxg5 27. Ne8+ Kg8 28. Nxd6 Bd7 29. Kg3 Bc6 30. Rf5 h6 31. Rxe5 Rf8 32. Nf5 Ne4+ 33. Kh4 Nd2 34. Nxh6+ Kg7 35. Rg1+ Kf6 36. Rf5+ Ke7 37. Re1+ Be4 38. Re5+ Kd6 39. R5xe4 Nxe4 40. Rxe4 Rf2 41. b4 Rxa2 42. Kg4 cxb4 43. cxb4 b5 44. Nf5+ Kd5 45. Rd4+ Kc6 46. Kf4 a5 47. Ke5 axb4 48. Rxb4 Ra4 49. Rb1 Rc4 50. Nd4+ Kc7 51. Nxb5+ Kd7 52. Rd1+ Ke7 53. Nd4 Rc5+ 54. Ke4 Ra5 55. Nf5+ Kf6 56. Rd6+ Kf7 57. Kf4 Rb5 58. Kg5 Ra5 59. Rf6+ Ke8 60. Kg6 Kd7 61. Rd6+ Kc7 62. Rf6 Rb5 63. Kf7 Rb1 64. Ne7 Rd1 65. Ke8 Kb7 66. Nc6 Rd2 67. Nd8+ Kc7 68. Rc6+ Kb8 69. Ne6 Kb7 70. Rc3 Kb6 71. Ke7 Kb5 72. Rc5+ Kb6 73. Rc1 Kb5 74. Nc7+ Kb6 75. Ke6 Rd3 76. Nd5+ Kb7 77. Kd6 Rd2 78. Rb1+ Ka6 79. Kc5 Rc2+ 80. Kd4 Rd2+ 81. Kc4 Rc2+ 82. Kd4 Rd2+ 83. Ke4 Ka7 84. Nb4 1-0


[Site "https://www.chess.com"]

[Event "Titled Tuesday Blitz May 10 Late 2022"]
[White "Kruckenhauser, Arthur"]
[Black "Alekseenko, Kirill"]
[WhiteFideId "1642812"]
[BlackFideId "4135539"]
[WhiteElo "2243"]
[BlackElo "2682"]
[Result "0-1"]
[Round "02"]
[TimeControl "180+1"]
[Date "2022.05.10"]
[WhiteClock "0:00:04"]
[BlackClock "0:00:22"]

1. e4 c5 2. c3 Qa5 3. Na3 e6 4. Nf3 Nc6 5. Nc4 Qc7 6. d4 cxd4 7. cxd4 d5 8. exd5 exd5 9. Nce5 Bd6 10. Nxc6 bxc6 11. Bd3 Ne7 12. O-O O-O 13. Qc2 Ng6 14. Re1 Bg4 15. Bxg6 hxg6 16. Ne5 Bf5 17. Qc3 f6 18. Nf3 a5 19. a3 Bb4 20. axb4 axb4 21. Qxb4 Rxa1 22. h3 Qa5 23. Qb7 Be4 24. Kh2 Qa6 25. Qd7 Qa8 26. Nh4 Qb8+ 27. g3 Qc8 28. Qd6 g5 29. Ng2 Rd8 30. Qc5 Qf5 31. f4 gxf4 32. Qe7 fxg3+ 33. Kxg3 Qf3+ 34. Kh4 Qf2+ 35. Kh5 Bf3+ 36. Kg6 Qc2+ 37. Re4 Qxe4+ 0-1


[Site "https://www.chess.com"]

[Event "Titled Tuesday Blitz May 10 Late 2022"]
[White "Lashkin, Jegor"]
[Black "Nilsen, Tobias Lang"]
[WhiteFideId "13907808"]
[BlackFideId "1521624"]
[WhiteElo "2368"]
[BlackElo "2014"]
[Result "1-0"]
[Round "02"]
[TimeControl "180+1"]
[Date "2022.05.11"]
[WhiteClock "0:02:32"]
[BlackClock "0:02:25"]

1. Nf3 d5 2. b3 Bg4 3. Ne5 Bf5 4. Bb2 Nd7 5. d3 Nxe5 6. Bxe5 e6 7. Nd2 Nf6 8. g3 Bd6 9. Bb2 e5 10. Bg2 c6 11. O-O Qd7 12. c4 Bh3 13. Nf3 Bxg2 14. Kxg2 Qe6 15. Qc2 O-O 16. e4 dxe4 17. dxe4 Rad8 18. Rad1 Bc7 19. h3 Nd7 20. Ba3 Rfe8 21. Rd2 Nf8 22. Rfd1 Rxd2 23. Rxd2 Rd8 24. Rxd8 Bxd8 25. Qd2 Be7 26. Qa5 Bxa3 27. Qxa3 a6 28. Qb4 Qd7 29. Nxe5 Qd4 30. Nf3 Qxe4 31. Qxb7 h6 32. Qxa6 Ng6 33. Qc8+ Kh7 34. Qg4 Qb1 35. h4 Qxa2 36. h5 Nf8 37. Qf5+ Kg8 38. Ne5 f6 39. Nxc6 Qxb3 40. Qd5+ Kh7 41. Ne7 Qc2 42. Qg8# 1-0


[Site "https://www.chess.com"]

[Event "Titled Tuesday Blitz May 10 Late 2022"]
[White "Lehtosaari, Mauri"]
[Black "Kujawski, Adam"]
[WhiteFideId "501999"]
[BlackFideId "1100920"]
[WhiteElo "2510"]
[BlackElo "1982"]
[Result "1-0"]
[Round "02"]
[TimeControl "180+1"]
[Date "2022.05.11"]
[WhiteClock "0:00:06"]
[BlackClock "0:00:03"]

1. d4 Nf6 2. Nf3 c5 3. c3 d5 4. Bg5 e6 5. Nbd2 Nc6 6. e3 h6 7. Bh4 g5 8. Bg3 Nh5 9. Be5 Nxe5 10. Nxe5 Nf6 11. Ndf3 Bg7 12. Bb5+ Kf8 13. h4 g4 14. Nh2 h5 15. Nf1 Ne4 16. Bd3 Bd7 17. Nxd7+ Qxd7 18. Bxe4 dxe4 19. Ng3 f5 20. dxc5 Rd8 21. Qxd7 Rxd7 22. Rd1 Ke7 23. Ke2 Be5 24. Rxd7+ Kxd7 25. Kd2 Kc6 26. b4 Rd8+ 27. Kc2 Bxg3 28. fxg3 Rd3 29. Re1 a5 30. a3 Kb5 31. Rd1 axb4 32. axb4 Rxe3 33. Rd6 Rxg3 34. Kb3 1-0


[Site "https://www.chess.com"]

[Event "Titled Tuesday Blitz May 10 Late 2022"]
[White "Leitao, Rafael"]
[Black "Nakamura, Hikaru"]
[WhiteFideId "2101246"]
[BlackFideId "2016192"]
[WhiteElo "2609"]
[BlackElo "2850"]
[Result "0-1"]
[Round "02"]
[TimeControl "180+1"]
[Date "2022.05.10"]
[WhiteClock "0:00:07"]
[BlackClock "0:00:20"]

1. e4 c6 2. d4 d5 3. e5 Bf5 4. Nd2 e6 5. Nb3 Nd7 6. Nf3 Ne7 7. Be2 h6 8. O-O g5 9. Ne1 Qc7 10. Bd2 Bg6 11. Rc1 Bg7 12. f4 gxf4 13. Bxf4 a5 14. a4 Qb6 15. Kh1 O-O 16. Nd3 Rae8 17. Qd2 Kh7 18. Rf3 Nf5 19. Rh3 Rh8 20. Bg4 Nxd4 21. Bxh6 Nxb3 22. cxb3 Kg8 23. Bxg7 Kxg7 24. Nf4 Qb4 25. Qe3 Rxh3 26. Bxh3 Qe4 27. Qg3 Rh8 28. Re1 Qc2 29. Bxe6 fxe6 30. Nxe6+ Kg8 31. Nf4 Kg7 32. Ne6+ Kg8 33. Nf4 Rh6 34. Qg5 Qf2 35. Rg1 Qh4 36. Qxh4 Rxh4 37. Nxg6 Rg4 38. e6 Nf6 39. Ne7+ Kh7 40. Nf5 Re4 41. g4 Rxe6 42. g5 Ne4 43. h4 Kg6 44. Nd4 Re8 45. Kh2 c5 46. Nf3 d4 47. Kh3 Kh5 48. g6 d3 49. g7 Rg8 50. Re1 d2 51. Rd1 Nf2+ 0-1


[Site "https://www.chess.com"]

[Event "Titled Tuesday Blitz May 10 Late 2022"]
[White "Leiva, Gianmarco"]
[Black "Svicevic, Rastko"]
[WhiteFideId "3804399"]
[BlackFideId "916315"]
[WhiteElo "2323"]
[BlackElo "2132"]
[Result "1-0"]
[Round "02"]
[TimeControl "180+1"]
[Date "2022.05.11"]
[WhiteClock "0:00:25"]
[BlackClock "0:00:01"]

1. Nf3 d5 2. g3 c6 3. c4 e6 4. Bg2 dxc4 5. a4 Nf6 6. Qc2 Na6 7. Qxc4 Be7 8. O-O O-O 9. Nc3 Nd5 10. d4 Bd7 11. e4 Ndb4 12. Rd1 Qa5 13. Ne5 Be8 14. Bf4 Rd8 15. Rac1 Kh8 16. Qe2 Rc8 17. Qh5 f6 18. Nf7+ Bxf7 19. Qxa5 b6 20. Qxa6 Nxa6 21. e5 f5 22. Be3 Nb4 23. Ne2 g5 24. f4 h6 25. Bd2 Nd5 26. Kf2 g4 27. Nc3 Kg7 28. Bxd5 cxd5 29. Nb5 a6 30. Nc7 a5 31. Rc6 Bb4 32. Bxb4 axb4 33. b3 1-0


[Site "https://www.chess.com"]

[Event "Titled Tuesday Blitz May 10 Late 2022"]
[White "Lewicki, Miroslaw"]
[Black "Rosenberg, Evan S"]
[WhiteFideId "1113380"]
[BlackFideId "2019299"]
[WhiteElo "2283"]
[BlackElo "2373"]
[Result "1-0"]
[Round "02"]
[TimeControl "180+1"]
[Date "2022.05.11"]
[WhiteClock "0:01:00"]
[BlackClock "0:00:12"]

1. g3 e5 2. Bg2 Nc6 3. d3 d5 4. Nf3 Bd6 5. O-O Nge7 6. c4 f6 7. Nc3 d4 8. Ne4 b6 9. c5 Bxc5 10. Nxc5 bxc5 11. Qc2 Qd6 12. Bd2 O-O 13. Rac1 Rb8 14. b3 Nb4 15. Qxc5 Qxc5 16. Rxc5 Nxa2 17. Rxc7 Nd5 18. Rxa7 Nac3 19. e4 Ne2+ 20. Kh1 Nb4 21. Re1 Nc3 22. Bf1 Bg4 23. Nh4 Nc2 24. Rc1 Nb4 25. Bxc3 dxc3 26. Rxc3 Rbc8 27. Rc4 Nc6 28. Rb7 Nd4 29. Kg2 Rb8 30. Rxb8 Rxb8 31. b4 g5 32. Nf5 Bf3+ 33. Kg1 Nxf5 34. exf5 Ra8 35. Rc1 Rb8 36. Rb1 g4 37. Bg2 Rb5 38. Bxf3 gxf3 39. g4 h5 40. h3 hxg4 41. hxg4 Rd5 42. b5 Rxd3 43. b6 Rd8 44. b7 Rb8 45. Kh2 Kf7 46. Kg3 Ke7 47. Kxf3 Kd6 48. Ke4 Kc7 49. f4 exf4 50. Kxf4 Kc6 51. g5 fxg5+ 52. Kxg5 Rg8+ 53. Kf6 Rb8 54. Ke7 Kc7 55. f6 1-0


[Site "https://www.chess.com"]

[Event "Titled Tuesday Blitz May 10 Late 2022"]
[White "Lohani, Sujana"]
[Black "Olenik Campa, Rudi"]
[WhiteFideId "12311987"]
[BlackFideId "14633264"]
[WhiteElo "1691"]
[BlackElo "2076"]
[Result "0-1"]
[Round "02"]
[TimeControl "180+1"]
[Date "2022.05.11"]
[WhiteClock "0:00:12"]
[BlackClock "0:00:04"]

1. e4 c5 2. Nf3 Nc6 3. d4 cxd4 4. Nxd4 Nf6 5. Nc3 e5 6. Nf5 d5 7. exd5 Bxf5 8. dxc6 Qxd1+ 9. Nxd1 bxc6 10. c3 Bc5 11. Be3 Bb6 12. Be2 O-O 13. O-O Nd5 14. a4 Be6 15. a5 Nxe3 16. Nxe3 Bc7 17. Rfd1 Rab8 18. b4 e4 19. Bc4 Bc8 20. Rd4 Be5 21. Rxe4 Bxc3 22. Rb1 Bxb4 23. Rxb4 Rxb4 24. Bxf7+ Kxf7 25. Rxb4 Ba6 26. f3 Ke7 27. Kf2 Kd6 28. Rb2 c5 29. Rd2+ Kc6 30. Rb2 Rf7 31. g3 g6 32. f4 Rb7 33. Rd2 Rb5 34. Nc4 Rb4 35. Ne5+ Kb5 36. Rd7 Kxa5 37. Rxa7 Kb6 38. Rxh7 Rb2+ 39. Kf3 c4 40. Nxc4+ Bxc4 41. Kg4 Be6+ 42. Kg5 Bf5 43. g4 Bb1 44. f5 gxf5 45. gxf5 Rg2+ 46. Kh6 Bxf5 47. Rg7 Rxh2+ 48. Kg5 Bb1 49. Kf6 Rf2+ 50. Ke5 Rb2 51. Rd7 Kc6 52. Rd2 Rxd2 53. Kf4 Rd5 54. Ke3 Kd6 55. Kf4 Re5 56. Kf3 Ke6 57. Kf4 Re4+ 58. Kf3 Kf5 59. Kf2 Kf4 60. Kf1 Kf3 61. Kg1 Re2 62. Kh1 Kg3 63. Kg1 Re1# 0-1


[Site "https://www.chess.com"]

[Event "Titled Tuesday Blitz May 10 Late 2022"]
[White "Lopez Del Alamo, Antonio"]
[Black "Chen, Justin"]
[WhiteFideId "2227339"]
[BlackFideId "2098199"]
[WhiteElo "2089"]
[BlackElo "2487"]
[Result "0-1"]
[Round "02"]
[TimeControl "180+1"]
[Date "2022.05.11"]
[WhiteClock "0:00:52"]
[BlackClock "0:01:43"]

1. e4 e6 2. d3 c5 3. Nd2 g6 4. Ngf3 Bg7 5. g3 Ne7 6. Bg2 O-O 7. O-O Nbc6 8. Re1 d6 9. c3 b5 10. Nf1 b4 11. Qc2 a5 12. Be3 a4 13. a3 bxc3 14. bxc3 Bd7 15. d4 cxd4 16. cxd4 Na5 17. Rad1 Nb3 18. N1d2 Rb8 19. Nc4 Bb5 20. e5 Rc8 21. Bf1 d5 0-1


[Site "https://www.chess.com"]

[Event "Titled Tuesday Blitz May 10 Late 2022"]
[White "Lorenzo De La Riva, Lazaro"]
[Black "Rosen, Eric"]
[WhiteFideId "2268809"]
[BlackFideId "2032562"]
[WhiteElo "2325"]
[BlackElo "2362"]
[Result "0-1"]
[Round "02"]
[TimeControl "180+1"]
[Date "2022.05.11"]
[WhiteClock "0:00:08"]
[BlackClock "0:00:04"]

1. d4 d5 2. Nf3 Nf6 3. Bf4 c5 4. e3 Nc6 5. Nbd2 cxd4 6. exd4 Bf5 7. c3 e6 8. Qb3 Bd6 9. Bg3 Rb8 10. Be2 O-O 11. O-O h6 12. a4 a6 13. Rfe1 Bxg3 14. hxg3 Qc7 15. Bf1 Rfc8 16. Ne5 Nxe5 17. Rxe5 Nd7 18. Ree1 Bg6 19. Nf3 Qd6 20. Ne5 Nxe5 21. Rxe5 Rc6 22. Re3 Qc7 23. Be2 Bf5 24. Bf3 Qd6 25. Re2 Rb6 26. Qa3 Qxa3 27. Rxa3 a5 28. Rd2 Kf8 29. Be2 Ke7 30. g4 Bg6 31. Bb5 Kd6 32. f4 Be4 33. Kf2 Kc7 34. Ra1 Rd6 35. Rh1 Rdd8 36. Kg3 Kd6 37. Rf2 Ke7 38. Rh5 Bg6 39. Rh1 Be4 40. Re1 Rh8 41. Rh1 Kd6 42. Rh2 Rbc8 43. Rh5 Bg6 44. Re5 Be4 45. Rh5 Rcg8 46. Rh3 Rh7 47. Kh2 Rgh8 48. f5 e5 49. dxe5+ Kxe5 50. Kg3 f6 51. Rh1 h5 52. Bd7 hxg4 53. Rxh7 Rxh7 54. Kxg4 Rh1 55. Re2 Rf1 56. Kg3 b6 57. c4 Rd1 58. cxd5 Rd3+ 59. Kg4 Rxd5 60. Kh5 Rxd7 61. Kg6 Kf4 62. Rf2+ Kg3 63. Rd2 Rxd2 0-1


[Site "https://www.chess.com"]

[Event "Titled Tuesday Blitz May 10 Late 2022"]
[White "Manukian, Artak"]
[Black "Tanenbaum, Zachary"]
[WhiteFideId "13301373"]
[BlackFideId "2060850"]
[WhiteElo "2401"]
[BlackElo "2168"]
[Result "1-0"]
[Round "02"]
[TimeControl "180+1"]
[Date "2022.05.11"]
[WhiteClock "0:00:21"]
[BlackClock "0:00:06"]

1. e4 e5 2. Nf3 Nc6 3. d4 exd4 4. Nxd4 Bc5 5. Nxc6 Qf6 6. Qf3 bxc6 7. Bc4 d6 8. Nc3 Qxf3 9. gxf3 Ne7 10. h4 O-O 11. h5 Be6 12. Bd3 f5 13. h6 g6 14. Be3 Bxe3 15. fxe3 fxe4 16. Nxe4 Rxf3 17. Ng5 Rxe3+ 18. Kd2 Re5 19. Nf3 Ra5 20. Rae1 Bd5 21. Rxe7 Bxf3 22. Rf1 Rf8 23. Rg7+ Kh8 24. Rxc7 Kg8 25. Bc4+ d5 26. Be2 Rxa2 27. Rxf3 Rxf3 28. Bxf3 Rxb2 29. Rxc6 Rb4 30. Bxd5+ Kf8 31. c4 Rb2+ 32. Kc3 Rh2 33. Rc8+ Ke7 34. Rc7+ Kf6 35. Rxh7 g5 36. Rxa7 g4 37. h7 g3 38. Rf7+ Ke5 39. Rg7 Rh3 40. Kb4 Kd4 41. Kb5 Rh5 42. Kc6 g2 43. Bxg2 Kxc4 44. Be4 Kd4 45. Bg6 Rh6 46. Rg8 Ke5 47. h8=Q+ Rxh8 48. Rxh8 Kf6 49. Rh2 Kg7 50. Kd6 Kf6 51. Rf2+ Kg7 52. Bb1 Kh8 53. Ke7 Kg7 54. Rg2+ Kh8 55. Ba2 Kh7 56. Kf6 Kh8 57. Kf7 Kh7 58. Rh2# 1-0


[Site "https://www.chess.com"]

[Event "Titled Tuesday Blitz May 10 Late 2022"]
[White "Marin Ramirez, Gerardo"]
[Black "Papp, Petra"]
[WhiteFideId "3901068"]
[BlackFideId "739049"]
[WhiteElo "1920"]
[BlackElo "2259"]
[Result "0-1"]
[Round "02"]
[TimeControl "180+1"]
[Date "2022.05.11"]
[WhiteClock "0:00:03"]
[BlackClock "0:01:21"]

1. d4 Nf6 2. c4 g6 3. Nc3 d5 4. cxd5 Nxd5 5. Bd2 c5 6. e4 Nxc3 7. Bxc3 Bg7 8. Nf3 O-O 9. Be2 Nd7 10. O-O e6 11. Rc1 b6 12. d5 exd5 13. exd5 Nf6 14. d6 Be6 15. a3 Nd5 16. Bxg7 Kxg7 17. Bc4 Qxd6 18. Ng5 Rad8 19. Qf3 Qf4 20. Bxd5 Qxg5 21. Bxe6 fxe6 22. Qe4 Qd5 23. Qe2 Qf5 24. Rc2 Rd6 25. Qc4 Rd4 26. Qc3 e5 27. Re2 e4 0-1


[Site "https://www.chess.com"]

[Event "Titled Tuesday Blitz May 10 Late 2022"]
[White "Matinian, Nikita"]
[Black "Koridze, Lile"]
[WhiteFideId "24129100"]
[BlackFideId "13612514"]
[WhiteElo "2776"]
[BlackElo "2466"]
[Result "0-1"]
[Round "02"]
[TimeControl "180+1"]
[Date "2022.05.11"]
[WhiteClock "0:00:29"]
[BlackClock "0:00:57"]

1. e4 c5 2. Nc3 d6 3. f4 a6 4. Nf3 Nc6 5. g3 Nf6 6. Bg2 e6 7. O-O Be7 8. b3 O-O 9. Bb2 Qc7 10. e5 dxe5 11. fxe5 Nd7 12. Ne4 Ndxe5 13. Nxe5 Nxe5 14. Qh5 Ng6 15. Rae1 Rb8 16. h4 b5 17. Ng5 Bxg5 18. Qxg5 h6 19. Qg4 e5 20. Qe2 f6 21. Bd5+ Kh8 22. h5 Ne7 23. Bxe5 Qd8 24. Bxb8 Nxd5 25. Bf4 Bb7 26. Kh2 Qd7 27. Qe6 Qd8 28. Qd6 Qc8 29. c4 bxc4 30. bxc4 Nxf4 31. Qxf4 Qd7 32. Rf2 Qf7 33. g4 Rd8 34. Re3 Rd4 35. Qb8+ Kh7 36. Re8 g5 37. hxg6+ Kxg6 38. Rg8+ Kh7 39. Rf8 Qg7 40. R8xf6 Rxg4 41. Rf7 Rh4# 0-1


[Site "https://www.chess.com"]

[Event "Titled Tuesday Blitz May 10 Late 2022"]
[White "Melikhov, Evgeny V."]
[Black "Petre, Nad-Titus"]
[WhiteFideId "4122046"]
[BlackFideId "1204165"]
[WhiteElo "1931"]
[BlackElo "2354"]
[Result "0-1"]
[Round "02"]
[TimeControl "180+1"]
[Date "2022.05.11"]
[WhiteClock "0:00:14"]
[BlackClock "0:00:08"]

1. d4 d5 2. c4 e6 3. Nc3 Nf6 4. cxd5 exd5 5. Bg5 c6 6. Qc2 Be7 7. e3 O-O 8. Bd3 h6 9. Bh4 a5 10. Nf3 Re8 11. O-O Nbd7 12. h3 Ne4 13. Bxe4 dxe4 14. Qxe4 Bxh4 15. Qxh4 Qxh4 16. Nxh4 Nf6 17. Rad1 Be6 18. a3 Bb3 19. Rd2 Rad8 20. Nf3 g6 21. Rc1 Kg7 22. Re2 Nd7 23. Nd2 Be6 24. Nce4 f5 25. Nd6 Re7 26. Nxb7 Rb8 27. Nxa5 Rxb2 28. Nxc6 Rf7 29. Kf1 Bd5 30. Ne5 Nxe5 31. dxe5 Ra7 32. Nf3 Rxe2 33. Kxe2 Rxa3 34. Rc7+ Kg8 35. Nh4 Ra2+ 36. Kd3 Be4+ 37. Kd4 Rd2+ 38. Kc5 Rd5+ 39. Kc4 Rxe5 40. Nxg6 Ra5 41. f3 Ra2 42. Kd4 Bb1 43. Ke5 Ra5+ 44. Kf4 Ra4+ 45. Kg3 Ra6 46. h4 Rxg6+ 47. Kf4 Rxg2 48. e4 fxe4 49. fxe4 Rg7 50. Rc8+ Kh7 51. h5 Re7 52. e5 Kg7 53. Rc6 Ba2 54. Rf6 Bf7 55. Kf5 Bxh5 56. e6 Be2 57. Rg6+ Kh7 58. Kf6 Bd3 59. Kxe7 Bxg6 60. Kf6 h5 61. Kg5 Kg7 62. e7 Be8 63. Kh4 Kf6 64. Kg3 Kxe7 0-1


[Site "https://www.chess.com"]